 Dungeon Crawl Stone Soup version 0.31.0-9-g3a7656b989 (webtiles) character file.

Game seed: 6157115402908170276

68 qw the Shooter (level 4, -9/22 HPs)
             Began as a Spriggan Hunter on Feb 2, 2024.
             Killed by divine providence
             ... invoked by an orc priest
              (14 damage)
             ... on level 3 of the Dungeon.
             The game lasted 00:00:05 (1391 turns).

qw the Shooter (Spriggan Hunter)                    Turns: 1391, Time: 00:00:06

Health: -9/22      AC:  2    Str:  7    XL:     4   Next: 1%
Magic:  5/5        EV: 19    Int: 10    God:
Gold:   133        SH:  0    Dex: 20    Spells: 3/3 levels left

rFire   . . .        a - +0 shortbow
rCold   . . .        (shield currently unavailable)
rNeg    . . .        c - +0 robe
rPois   .            (helmet restricted)
rElec   .            (no cloak)
rCorr   .            (gloves unavailable)
SInv    +            (boots unavailable)
Will    .....        (no amulet)
Stlth   ++           (no ring)
HPRegen 0.23/turn    (no ring)
MPRegen 0.09/turn

%: no passive effects
@: about to teleport, very quick
A: very small, no large weapons, unfitting armour, see invisible, speed 3
a: no special abilities


You were on level 3 of the Dungeon.
You visited 1 branch of the dungeon, and saw 3 of its levels.

You collected 133 gold pieces.


Innate Abilities, Weirdness & Mutations

You are very small and have problems with some larger weapons.
You are too small for most types of armour.
You have supernaturally acute eyesight. (SInv)
You cover ground extremely quickly. (Speed+++)


   Skills:
 - Level 1.5 Fighting
 - Level 5.0 Ranged Weapons
 + Level 4.3 Dodging
 - Level 1.5 Stealth


You had 3 spell levels left.
You didn't know any spells.
Your spell library was empty.

Inventory:

Hand Weapons
 a - a +0 shortbow (weapon)
Armour
 c - a +0 robe (worn)
Potions
 g - a potion of magic {unknown}
 h - a potion of enlightenment {unknown}
 i - a potion of mutation {unknown}
 j - a potion of curing {unknown}
 k - a potion of might {unknown}

Dungeon Overview and Level Annotations

Branches:
Dungeon (3/15)

Altars:


Message History

You hear a shout! x2; You hear an angry hiss.
The orc wizard points at you and mumbles some strange words.
You are confused.
1382 ||| STAIRDANCE You climb upwards.
There is a stone staircase leading down here.
1384 ||| DRINKING bubbling cyan potion.
It was a potion of attraction.
You feel attractive to monsters.
1385 ||| DRINKING metallic orange potion.
It was a potion of cancellation.
Your magical effects are unravelling.
You feel magically purged.
You feel less confused.
You feel less attractive to monsters.
You climb downwards.
The orc priest shouts!
You hear a shout!
The orc wizard gestures at you while chanting.
The magic dart hits you.
The orc priest mumbles some strange prayers to Beogh against you.
Beogh smites you!
Ouch! That really hurt!
The ball python falls through a shaft!
The shaft crumbles and collapses.
There is a stone staircase leading up, spattered with blood here.
1388 ||| READING scroll of teleportation.
As you read the scroll of teleportation, it crumbles to dust.
You feel strangely unstable. The kobold closely misses you.
1389 ||| RETREEEEATING.
The kobold throws a stone.
The stone closely misses you.
The orc priest attacks as it pursues you!
The orc priest hits you with a +0 dagger.
You shoot an arrow. The arrow hits the orc priest.
The orc priest is lightly wounded.
You shoot an arrow. The arrow hits the orc priest!
The orc priest is heavily wounded.
The orc closely misses you.
The orc priest calls down the wrath of Beogh upon you.
Beogh smites you!
Ouch! That really hurt!
You die...

#####
#.o@#
#.Ko#
#.o..#
#...##
#o.o.#
.....##
#...7.
.......
####.0.


You could see 2 orc priests, an orc wizard, 2 orcs and a kobold.

Vanquished Creatures
  An adder (D:2)
  2 ribbon worms (D:2)
  4 dart slugs
  4 ball pythons
  4 bats
  3 endoplasms
  2 giant cockroaches
  4 hobgoblins
  4 jackals (D:1)
  3 kobolds
  5 frilled lizards
  4 goblins
  5 rats
45 creatures vanquished.

Notes
Turn   | Place    | Note
-------+----------+-------------------------------------------
     0 | D:1      | qw the Spriggan Hunter began the quest for the Orb.
     0 | D:1      | Reached XP level 1. HP: 10/10 MP: 2/2
     0 | D:1      | 0 ||| qw: Version: 0.3-a-155-g5e7d8dd
     0 | D:1      | 0 ||| qw: Game counter: 688
     0 | D:1      | 0 ||| qw: Melee chars always use a shield: true
     0 | D:1      | 0 ||| qw: God list: Okawaru
     0 | D:1      | 0 ||| qw: Allow faded altars: false
     0 | D:1      | 0 ||| qw: Do Orc after clearing Dungeon:15 true
     0 | D:1      | 0 ||| qw: Do second Lair branch before Depths: true
     0 | D:1      | 0 ||| qw: Lair rune preference: random
     0 | D:1      | 0 ||| qw: Goals: Normal
     0 | D:1      | 0 ||| PLANNING D:1-11
    17 | D:1      | Reached skill level 3 in Dodging
   104 | D:1      | Reached XP level 2. HP: 14/14 MP: 3/3
   433 | D:1      | Found a faded altar of an unknown god.
   481 | D:1      | Reached XP level 3. HP: 18/18 MP: 4/4
   631 | D:1      | 631 ||| READING scroll labelled ZISUDIU LYOLI.
   635 | D:1      | 635 ||| DROPPING scroll of butterflies.
   976 | D:2      | Reached skill level 5 in Ranged Weapons
  1179 | D:2      | Reached XP level 4. HP: 22/22 MP: 5/5
  1254 | D:2      | 1254 ||| READING scroll labelled YNUSAH RAUDY.
  1255 | D:2      | 1255 ||| READING 2 scrolls labelled HUIMUVUMEHO.
  1356 | D:2      | 1356 ||| DROPPING scroll of silence.
  1382 | D:3      | 1382 ||| STAIRDANCE
  1384 | D:2      | 1384 ||| DRINKING bubbling cyan potion.
  1385 | D:2      | 1385 ||| DRINKING metallic orange potion.
  1387 | D:3      | HP: 5/22 [orc priest/divine providence (11)]
  1388 | D:3      | 1388 ||| READING scroll of teleportation.
  1389 | D:3      | 1389 ||| RETREEEEATING.
  1391 | D:3      | Killed from afar by an orc priest

Levels and vault maps discovered:
D:1:      beargit_arrival_greenhouse, layout_loops_ring,
          shapermc_ecumenical_altar_mp_vishouse
D:2:      layout_loops_ring, minmay_domino_4
D:3:      layout_basic, st_stairs_6, grunt_ministairs_12

Skill      XL: |  1  2  3 |
---------------+----------+-----
Dodging        | 3 4 |  4.3
Ranged Weapons | 5 |  5.0
Fighting       | |  1.5
Stealth        | |  1.5

Action                     |  1- 3 |  4- 6 || total
---------------------------+-------+-------++-------
   Fire: Shortbow          |   126 |     3 ||   129
    Use: Scroll            |     1 |     3 ||     4
         Potion            |       |     2 ||     2
 Armour: Robe              |    16 |     2 ||    18
  Dodge: Dodged            |    37 |     3 ||    40

Table legend:
 A = Non-vault XP
 B = Vault XP
 C = Vault XP percentage of total XP
 D = Non-vault monster count
 E = Vault monster count
 F = Vault count percentage of total count
                 A         B        C        D         E       F
            +---------+---------+-------+---------+---------+-------
      Total |      92 |       6 |   6.1 |      43 |       2 |   4.4
            +---------+---------+-------+---------+---------+-------
        D:1 |      42 |       0 |   0.0 |      25 |       0 |   0.0
        D:2 |      50 |       6 |  10.7 |      18 |       2 |  10.0
            +---------+---------+-------+---------+---------+-------
